 Dungeon Crawl Stone Soup version 0.19-a0-854-gc78d25d (webtiles) character file.

100 Gruud the Slasher (level 4, -2/29 HPs)
             Began as a Demonspawn Gladiator on July 1, 2016.
             Succumbed to an orc wizard's poison
             ... on level 4 of the Dungeon.
             The game lasted 00:03:17 (1099 turns).

Gruud the Slasher (Demonspawn Gladiator)            Turns: 1099, Time: 00:03:17

Health: -2/29      AC:  9    Str: 16    XL:     4   Next: 47%
Magic:  3/3        EV: 18    Int: 10    God:
Gold:   77         SH:  0    Dex: 18    Spells: 0 memorised, 3 levels left

rFire  . . .     SeeInvis .     a - +0 long sword
rCold  . . .     Gourm    .     b - +0 leather armour
rNeg   . . .     Faith    .     (no shield)
rPois  .         Spirit   .     c - +0 helmet
rElec  .         Dismiss  .     (no cloak)
rCorr  .         Reflect  .     g - +0 pair of gloves
SustAt .         Harm     .     (no boots)
MR     .....                    (no amulet)
Stlth  ++........               (no ring)
                                (no ring)

@: agile, lethally poisoned (-2 -> -46), not resistant to hostile enchantments,
unstealthy
A: talons 1, iridescent scales 1, frail 1, low mp 1, MP-powered wands
a: no special abilities


You were on level 4 of the Dungeon.
You were hungry.

You visited 1 branch of the dungeon, and saw 4 of its levels.

You collected 77 gold pieces.

Inventory:

Hand Weapons
 a - a +0 long sword (weapon)
Missiles
 d - 3 throwing nets (quivered)
 i - 7 needles of confusion
Armour
 b - a +0 leather armour (worn)
 c - a +0 helmet (worn)
 g - a +0 pair of gloves (worn)
Scrolls
 e - 2 scrolls of identify {unknown}
 k - a scroll of teleportation {unknown}
 o - 2 scrolls of recharging {unknown}
 q - a scroll of noise {unknown}
 s - a scroll of random uselessness {unknown}
 t - a scroll of remove curse {unknown}
Potions
 j - a potion of heal wounds {unknown}
 l - a potion of curing {unknown}
 m - a potion of might {unknown}
 r - a potion of mutation
 u - a potion of cancellation {unknown}
 v - a potion of agility
Comestibles
 f - 3 bread rations
 h - a meat ration
 n - 2 beef jerkies
 p - a royal jelly


   Skills:
 - Level 2.0 Fighting
 * Level 4.2 Long Blades
 - Level 1.7 Throwing
 + Level 3.4 Dodging


You had 3 spell levels left.
You didn't know any spells.

Dungeon Overview and Level Annotations

Branches:
Dungeon (4/15)
 Temple: D:4-7

Altars:
Cheibriados
Qazlal
Vehumet


Innate Abilities, Weirdness & Mutations

You have sharp toenails.
You are partially covered in iridescent scales. (AC +4)
You are frail. (-10% HP)
Your magical capacity is low. (-10% MP)
You expend magic power (3 MP) to strengthen your wands.


Message History

You are more poisoned.
You miss something. You claw something.
* * * LOW HITPOINT WARNING * * *
You feel very sick. Something hits you but does no damage.
You are more poisoned.
Something hits you but does no damage.
You are more poisoned.
It was a potion of mutation.
You feel extremely strange.
You feel your magical essence link to your wands.
You feel frail.
You feel less energetic.
* * * LOW HITPOINT WARNING * * *
You feel very sick. Something completely misses you.
You hear some strange, mumbled words.
A magic dart appears from out of thin air!
The magic dart hits you!
It was a potion of agility.
You feel agile all of a sudden.
You die...

.... #.#
... #.# #..
#.# .. #.#
#.###.#
..##.#
#.##.#
#.†#.#
##@#.#
######{#.#
......So..#
..oo...#..#
.........>#
o.o...#####
......
......
......


You could see an adder and an orc.

Vanquished Creatures
  A centaur skeleton (D:4)
  2 adders (D:3)
  An adder skeleton (D:4)
  2 worms
  A dart slug (D:3)
  4 orcs
  3 bats
  7 giant cockroaches
  4 goblins
  2 hobgoblins (D:1)
  4 jackals (D:1)
  3 giant newts
  2 kobolds
  2 rats
38 creatures vanquished.

Notes
Turn   | Place    | Note
-------+----------+-------------------------------------------
     0 | D:1      | Gruud the Demonspawn Gladiator began the quest for the Orb.
     0 | D:1      | Reached XP level 1. HP: 16/16 MP: 1/1
    57 | D:1      | Reached skill level 3 in Long Blades
   132 | D:1      | Gained mutation: You have sharp toenails. [demonic ancestry]
   132 | D:1      | Reached XP level 2. HP: 18/22 MP: 2/2
   349 | D:2      | Found a stormy altar of Qazlal.
   415 | D:2      | Reached XP level 3. HP: 25/27 MP: 3/3
   636 | D:3      | Found a snail-covered altar of Cheibriados.
   823 | D:4      | Noticed a phantom
  1033 | D:4      | Reached skill level 4 in Long Blades
  1033 | D:4      | Gained mutation: You are partially covered in iridescent scales. (AC +4) [demonic ancestry]
  1033 | D:4      | Reached XP level 4. HP: 19/33 MP: 4/4
  1037 | D:4      | Found a radiant altar of Vehumet.
  1098 | D:4      | Gained mutation: You expend magic power (3 MP) to strengthen your wands. [potion of mutation]
  1098 | D:4      | Gained mutation: You are frail. (-10% HP) [potion of mutation]
  1098 | D:4      | Gained mutation: Your magical capacity is low. (-10% MP) [potion of mutation]
  1099 | D:4      | Succumbed to an orc wizard's poison

Vault maps used:
D:1:      dpeg_arrival_pond
D:2:      grunt_qazlal_clouds
D:3:      cheibriados_altar_1, first_bread
D:4:      grunt_temple_overflow_open, kennysheep_mini

Skill      XL: |  1  2  3 |
---------------+----------+-----
Long Blades    | 3 4 |  4.2
Dodging        | 3 |  3.4
Fighting       | |  2.0
Throwing       | |  1.7

Action                   |  1- 3 |  4- 6 || total
-------------------------+-------+-------++-------
Melee: Long sword        |   135 |    20 ||   155
       Kick              |    22 |     6 ||    28
  Use: Potion            |       |     2 ||     2
Armor: Leather armour    |    34 |     8 ||    42
Dodge: Dodged            |    81 |     8 ||    89
